 Dungeon Crawl Stone Soup version 0.25.1-2-g60ff931df9 (webtiles) character file.

Game seed: 7717153879145290079

2016 Delamore the Basher (level 9, -5/51 HPs)
             Began as a Gargoyle Fighter on Aug 24, 2020.
             Was an Initiate of Okawaru.
             Slain by an ogre
             ... wielding a +0 giant club
              (13 damage)
             ... on level 9 of the Dungeon.
             The game lasted 00:09:08 (6566 turns).

Delamore the Basher (Gargoyle Fighter)              Turns: 6566, Time: 00:09:09

Health: -5/51      AC: 20    Str: 24    XL:     9   Next: 22%
Magic:  9/9        EV:  5    Int:  8    God:    Okawaru [......]
Gold:   209        SH: 14    Dex:  9    Spells: 8/8 levels left

rFire    . . .     SeeInvis .   s - +2 mace (vorpal)
rCold    + . .     Gourm    .   F - +0 kite shield {AC+3}
rNeg     + . .     Faith    .   r - +1 chain mail {rC+}
rPois    ∞         Spirit   .   M - +0 hat
rElec    +         Reflect  +   O - scarf {+Inv}
rCorr    .         Harm     .   (no gloves)
MR       .....                  z - +0 pair of boots
Stlth    ..........             n - amulet of reflection
HPRegen  0.17/turn              C - ring of flight
MPRegen  0.11/turn              (no ring)

@: no status effects
A: negative energy resistance 1, electricity resistance, unbreathing,
petrification resistance, rot immunity, AC +6
a: Renounce Religion, Evoke Invisibility, Evoke Flight


You were on level 9 of the Dungeon.
You worshipped Okawaru.
Okawaru was noncommittal.
You were not hungry.

You visited 2 branches of the dungeon, and saw 9 of its levels.
You also visited: Sewer and Ossuary.

You collected 419 gold pieces.
You spent 210 gold pieces at shops.

Inventory:

Hand Weapons
 a - a +0 flail
 s - a +2 vorpal mace (weapon)
 B - a +2 flail of holy wrath
Missiles
 H - 2 throwing nets
 N - 5 javelins (quivered)
Armour
 r - a +1 chain mail of cold resistance (worn)
 x - a +0 cloak
 z - a +0 pair of boots (worn)
 F - a +0 kite shield of protection (worn)
 M - a +0 hat (worn)
 O - a scarf of invisibility (worn)
Jewellery
 n - an amulet of reflection (around neck)
 C - a ring of flight (left hand)
 E - an uncursed ring of ice
Wands
 m - a wand of enslavement (5)
 p - a wand of random effects (23)
 y - a wand of flame (15)
 P - a wand of polymorph (11)
Scrolls
 b - 2 scrolls of identify
 g - a scroll of blinking
 h - 3 scrolls of enchant armour
 j - 3 scrolls of amnesia
 k - 9 scrolls of teleportation
 t - a scroll of immolation
 u - 6 scrolls of remove curse
 v - 2 scrolls of enchant weapon
 J - 2 scrolls of fog
 K - a scroll of fear
 L - a scroll of vulnerability
Potions
 d - 2 potions of might
 e - a potion of berserk rage {unknown}
 i - 5 potions of flight
 l - 6 potions of degeneration {unknown}
 o - 3 potions of curing
 q - 2 potions of lignification
 w - 3 potions of magic
 A - 2 potions of cancellation
 D - a potion of mutation {unknown}
 G - a potion of brilliance {unknown}
 I - 2 potions of invisibility {unknown}
Comestibles
 c - 4 chunks of flesh
 f - 13 rations


   Skills:
 - Level 3.2 Fighting
 + Level 11.7 Maces & Flails
 - Level 3.2 Armour
 - Level 3.2 Shields


You had 8 spell levels left.
You didn't know any spells.
Your spell library was empty.

Dungeon Overview and Level Annotations

Branches:
Dungeon (7/15)             Temple (1/1) D:6           Sewer (visited)
Ossuary (visited)

Altars:
Ashenzari
Dithmenos
Elyvilon
Fedhas
Gozag
Hepliaklqana
Kikubaaqudgha
Nemelex Xobeh
Okawaru
Qazlal
Ru
Sif Muna
Uskayaw
Vehumet
Wu Jian
Zin
The Shining One

Shops:
D:5 [


Innate Abilities, Weirdness & Mutations

You are resistant to torment.
Your stone body is resilient. (AC +6)
You are immune to poison.
You resist negative energy. (rN+)
You are resistant to electric shocks. (rElec)
You can survive without breathing.
You are immune to petrification.
You are immune to rotting.


Message History

You fail to use your ability.
The wyvern closely misses you.
The wyvern bites you but does no damage.
You block the ogre's attack.
You fail to use your ability.
The wyvern bites you but does no damage. x2
You fail to use your ability.
You block the wyvern's attack. You block the ogre's attack.
You fail to use your ability.
You block the wyvern's attack.
The wyvern bites you but does no damage.
You block the ogre's attack.
You fail to use your ability.
You block the wyvern's attack. The ogre hits you with a +0 giant club.
* * * LOW HITPOINT WARNING * * *
You fail to use your ability.
You block the wyvern's attack. The wyvern bites you.
* * * LOW HITPOINT WARNING * * *
You fail to use your ability.
The wyvern bites you but does no damage.
The ogre hits you with a +0 giant club!
You die...

##### #...#
#...# #.@.#
#.Ol# #...#
#...# ####
#...##...#
##........#
###...#..>..###
.#...$.#.......#
.......†##.$...#


You could see a wyvern and an ogre.

Vanquished Creatures
  Sigmund (D:3)
  A steam dragon (D:9)
  Duvessa (D:6)
  A sky beast (D:5)
  An ice beast (D:5)
  An ogre (D:6)
  2 centaurs (D:6)
  2 bullfrogs
  Dowan (D:6)
  3 water moccasin zombies (Ossuary)
  3 crimson imps (D:6)
  An orc wizard (D:5)
  Crazy Yiuf (D:3)
  2 bullfrog skeletons (D:6)
  3 iguanas
  Natasha (thrice) (D:2)
  4 worker ants
  3 mummies
  10 adders
  4 oozes (Sewer)
  3 adder zombies (Ossuary)
  An adder skeleton (D:5)
  7 worms
  3 dart slugs
  12 leopard geckos
  20 orcs
  2 ball pythons
  12 bats
  4 giant cockroaches
  5 goblins
  6 hobgoblins
  11 jackals
  7 kobolds
  A quokka (D:3)
  3 frilled lizards
  2 gnoll zombies (Ossuary)
  3 hobgoblin zombies (Ossuary)
  4 kobold zombies (Ossuary)
  3 orc zombies (Ossuary)
  11 rats
168 creatures vanquished.

Vanquished Creatures (others)
  A bullfrog (D:9)
1 creature vanquished.

Grand Total: 169 creatures vanquished

Notes
Turn   | Place    | Note
-------+----------+-------------------------------------------
     0 | D:1      | Delamore the Gargoyle Fighter began the quest for the Orb.
     0 | D:1      | Reached XP level 1. HP: 14/14 MP: 1/1
     3 | D:1      | Noticed an electric eel
     3 | D:1      | Noticed an electric eel
   117 | D:1      | Reached XP level 2. HP: 2/19 MP: 2/2
   521 | D:1      | Reached skill level 3 in Maces & Flails
   828 | D:1      | Reached XP level 3. HP: 23/23 MP: 3/3
  1349 | D:2      | Reached skill level 4 in Maces & Flails
  1518 | D:2      | Noticed Natasha
  1538 | D:2      | Killed Natasha
  1538 | D:2      | Reached XP level 4. HP: 13/28 MP: 4/4
  1748 | D:2      | Noticed Natasha
  1758 | D:2      | Killed Natasha
  1796 | D:2      | Reached skill level 5 in Maces & Flails
  1796 | D:2      | Reached XP level 5. HP: 31/32 MP: 5/5
  1986 | D:2      | Noticed Natasha
  1995 | D:2      | Killed Natasha
  2296 | D:3      | Noticed Sigmund
  2312 | D:4      | Reached skill level 6 in Maces & Flails
  2406 | D:4      | Reached XP level 6. HP: 32/37 MP: 6/6
  2534 | D:4      | Found a sand-covered staircase.
  3366 | D:3      | Killed Sigmund
  3366 | D:3      | Reached skill level 7 in Maces & Flails
  3366 | D:3      | Reached XP level 7. HP: 38/41 MP: 7/7
  3574 | D:3      | Found a runed translucent door.
  3575 | D:3      | Noticed Crazy Yiuf
  3612 | D:3      | Killed Crazy Yiuf
  4136 | D:5      | Entered Level 5 of the Dungeon
  4147 | D:5      | Found Vathekhle's Antique Armour Shop.
  4290 | D:5      | Reached skill level 8 in Maces & Flails
  4600 | D:5      | Bought a runed kite shield for 210 gold pieces
  4620 | D:6      | Reached skill level 9 in Maces & Flails
  4620 | D:6      | Reached XP level 8. HP: 46/46 MP: 8/8
  4665 | D:6      | Found a sand-covered staircase.
  4670 | Ossuary  | Entered an ossuary
  4991 | D:6      | Reached skill level 10 in Maces & Flails
  5090 | D:6      | Found a glowing drain.
  5095 | Sewer    | Entered a sewer
  5794 | D:6      | Found a staircase to the Ecumenical Temple.
  5803 | Temple   | Entered the Ecumenical Temple
  5896 | Temple   | Became a worshipper of Warmaster Okawaru
  6061 | D:6      | Found a white marble altar of Elyvilon.
  6073 | D:6      | Reached skill level 11 in Maces & Flails
  6176 | D:6      | Found a sparkling altar of Nemelex Xobeh.
  6190 | D:6      | Found a hazy altar of Hepliaklqana.
  6217 | D:6      | Found a shadowy altar of Dithmenos.
  6217 | D:6      | Noticed a shadow
  6292 | D:6      | Reached XP level 9. HP: 51/51 MP: 9/9
  6411 | D:6      | Noticed Duvessa
  6412 | D:6      | Noticed Dowan
  6425 | D:6      | Killed Duvessa
  6429 | D:6      | Killed Dowan
  6529 | D:7      | You fall into a shaft and drop 2 floors!
  6566 | D:9      | Slain by an ogre

Illustrated notes

Levels and vault maps discovered:
D:1:      arrival_aquarium_b, layout_basic, minmay_pentomino_s4
D:2:      layout_loops_cross, roderic_roman_lattice, uniq_natasha
D:3:      layout_rooms, uniq_sigmund, uniq_crazy_yiuf_cottage
D:4:      layout_loops_cross, first_ration, gup_ossuary_entry_pyramid
D:5:      layout_rooms, serial_shops, shop
D:6:      wander_river, layout_rooms, riverfiend_overflow_shadow_ancestor,
          elyvilon_altar_5, minmay_temple_entry_antechambers,
          gup_sewer_entry_spiral, basic_altar, enter_ossuary_2, serial_rivers,
          chequers_serial_rivers_micro_b, chequers_serial_rivers_marsh,
          chequers_serial_rivers_large_b, chequers_serial_rivers_small_b,
          uniq_duvessa
D:7:      layout_loops_ring, tgw_xom, marbit_many_paths, grunt_ogre_cave
D:9:      layout_cross, erik_orc_1
Temple:   nicolae_temple_elliptical

Skill      XL: |  1  2  3  4  5  6  7  8 |
---------------+-------------------------+-----
Maces & Flails | 3 4 5 6 7 9 11 | 11.7
Fighting       | |  3.2
Armour         | |  3.2
Shields        | |  3.2

Action                   |  1- 3 |  4- 6 |  7- 9 || total
-------------------------+-------+-------+-------++-------
Melee: Flail             |   155 |   132 |       ||   287
       Mace              |       |    50 |   320 ||   370
Throw: Javelin           |       |       |     5 ||     5
       Throwing net      |       |       |     2 ||     2
 Abil: Evoke Flight      |       |       |     1 ||     1
  Use: Scroll            |       |     7 |     9 ||    16
  Eat: Chunk             |     2 |     6 |    12 ||    20
Armor: Scale mail        |    80 |    70 |       ||   150
       Chain mail        |       |    39 |   171 ||   210
Dodge: Dodged            |    46 |    53 |    47 ||   146
Block: Kite shield       |    87 |   123 |   244 ||   454
       Reflection        |       |       |     6 ||     6
